 Dungeon Crawl Stone Soup version 0.20.1-1-g8b1a95d (webtiles) character file.

88 dohliylev the Sneak (level 4, -1/30 HPs)
             Began as a Vampire Enchanter on Dec 17, 2017.
             Slain by an ogre
             ... wielding a +0 giant spiked club
              (12 damage)
             ... on level 3 of the Dungeon.
             The game lasted 00:06:50 (2217 turns).

dohliylev the Sneak (Vampire Enchanter)             Turns: 2217, Time: 00:06:51

Health: -1/30      AC:  4    Str:  7    XL:     4   Next: 29%
Magic:  7/7        EV: 12    Int: 18    God:
Gold:   94         SH:  0    Dex: 14    Spells: 1/7 levels left

rFire    . . .     SeeInvis +   a - +1 dagger
rCold    + . .     Gourm    .   (no shield)
rNeg     + + .     Faith    .   b - +0 robe
rPois    +         Spirit   .   j - +0 helmet
rElec    .         Reflect  .   (no cloak)
rCorr    .         Harm     .   l - +0 pair of gloves
MR       .....                  (no boots)
Stlth    +++++.....             (no amulet)
Regen    0.1/turn               (no ring)
MPRegen  0.1/turn               (no ring)

@: regenerating slowly
A: fangs 3, see invisible, unbreathing
a: Bat Form


You were on level 3 of the Dungeon.
You were thirsty.

You visited 1 branch of the dungeon, and saw 3 of its levels.

You collected 94 gold pieces.

Inventory:

Hand Weapons
 a - a +1 dagger (weapon)
Armour
 b - a +0 robe (worn)
 j - a +0 helmet (worn)
 l - a +0 pair of gloves (worn)
Scrolls
 e - 6 scrolls of identify {unknown}
 f - a scroll of enchant armour {unknown}
 h - 2 scrolls of teleportation {unknown}
 i - a scroll of fear {unknown}
 k - a scroll of recharging {unknown}
 n - a scroll of magic mapping {unknown}
Potions
 d - 13 potions of blood
 g - a potion of curing {unknown}
 m - a potion of agility {unknown}
Books
 c - a book of Maledictions

   Spells                             Type                      Level
   a - Corona                         Hexes                        1
   b - Ensorcelled Hibernation        Hexes/Ice                    2
   c - Confuse                        Hexes                        3
   d - Tukima's Dance                 Hexes                        3
   e - Dazzling Spray                 Conjuration/Hexes            3


   Skills:
 - Level 0.1 Fighting
 - Level 1.1 Short Blades
 - Level 2.1 Dodging
 + Level 7.9 Stealth
 - Level 2.0 Spellcasting
 - Level 4.4 Hexes


You had one spell level left.
You knew the following spells:

 Your Spells              Type           Power        Failure   Level  Hunger
a - Corona                Hex            ###....      3%          1    #......
b - Ensorcelled Hibernat  Hex/Ice        #.....       11%         2    ###....
c - Confuse               Hex            ###.....     9%          3    ###....


Dungeon Overview and Level Annotations

Branches:
Dungeon (3/15)

Altars:
Nemelex Xobeh
Uskayaw


Innate Abilities, Weirdness & Mutations

You heal slowly.
You have razor-sharp teeth.
You have supernaturally acute eyesight. (SInv)
You can survive without breathing.


Message History

Casting: Ensorcelled Hibernation
Confirm with . or Enter, or press ? or * to list all spells.
Aiming: Ensorcelled Hibernation
Press: ? - help, Shift-Dir - straight line, f - worm
Aim: a worm (hasn't noticed you, chance to defeat MR: 50%)
The worm looks drowsy...
The helpless worm fails to defend itself.
You impale the worm!!
You kill the worm!
You start resting.
Magic restored.
n - a scroll labeled QAOKOT ILASA You see here a scroll labeled IWYETT RIMU.
The ogre shouts!
The ogre hits you with a giant spiked club!!
Ouch! That really hurt!
You see here a scroll labeled IWYETT RIMU.
You fail to use your ability.
The ogre hits you with a giant spiked club!
You die...

.... #... .. #.. #O# #.# #..
#.. .#.# #.# #.. #.#####.#.#
#.# #.# #...#...#.# #.# #.#
##...#.# #.#####.####.#
..#####.?....###.............
....!...###O@................
#..######.#
#.................. #..#
#.###.################. #..#
#.....# ####. #..# ###.###
#.... #..# #.# #.... #..# #.#
#.... #..# #.# #.... ###.<#
#.. #....


You could see an ogre.

Vanquished Creatures
  2 adders
  An ooze (D:2)
  2 worms
  2 dart slugs (D:1)
  A leopard gecko (D:1)
  2 ball pythons
  4 bats (D:1)
  3 giant cockroaches
  6 goblins
  9 hobgoblins
  10 kobolds
  A quokka (D:3)
  5 frilled lizards
  5 rats
53 creatures vanquished.

Notes
Turn   | Place    | Note
-------+----------+-------------------------------------------
     0 | D:1      | dohliylev the Vampire Enchanter began the quest for the Orb.
     0 | D:1      | Reached XP level 1. HP: 13/13 MP: 3/3
    47 | D:1      | Reached skill level 5 in Stealth
   485 | D:1      | Reached XP level 2. HP: 15/19 MP: 3/5
   489 | D:1      | Learned a level 2 spell: Ensorcelled Hibernation
   844 | D:1      | Reached skill level 6 in Stealth
   907 | D:1      | Found a sparkling altar of Nemelex Xobeh.
   988 | D:1      | Reached XP level 3. HP: 17/24 MP: 2/6
  1702 | D:2      | Reached skill level 7 in Stealth
  1809 | D:2      | Found a hide-covered altar of Uskayaw.
  1899 | D:2      | Reached XP level 4. HP: 30/30 MP: 0/7
  1904 | D:2      | Learned a level 3 spell: Confuse
  2023 | D:3      | Noticed an ogre
  2217 | D:3      | Slain by an ogre

Skill      XL: |  1  2  3 |
---------------+----------+-----
Stealth        | 5 6 7 |  7.9
Fighting       | |  0.1
Short Blades   | |  1.1
Dodging        | |  2.1
Spellcasting   | |  2.0
Hexes          | |  4.4

Action                   |  1- 3 |  4- 6 || total
-------------------------+-------+-------++-------
Melee: Dagger            |   111 |    17 ||   128
       Bite              |     4 |       ||     4
 Cast: Corona            |     7 |       ||     7
       Ensorcelled Hiber |    31 |     8 ||    39
 Stab: Sleeping          |    29 |     5 ||    34
  Eat: Corpse            |     5 |     1 ||     6
Armor: Robe              |    25 |     4 ||    29
Dodge: Dodged            |    75 |     9 ||    84
